 Dungeon Crawl Stone Soup version 0.31.0-11-ge490571c62 (webtiles) character file.

Game seed: 10456643551061932809

540 Arctor the Magician (level 7, -5/36 HPs)
             Began as a Deep Elf Fire Elementalist on Feb 2, 2024.
             Killed from afar by an acid dragon (30 damage)
             ... with a splash of acid
             ... on level 5 of the Dungeon.
             The game lasted 00:06:10 (6528 turns).

Arctor the Magician (Deep Elf Fire Elementalist)    Turns: 6528, Time: 00:06:11

Health: -5/36      AC:  8    Str:  8    XL:     7   Next: 5%
Magic:  8/16       EV: 14    Int: 22    God:
Gold:   280        SH:  0    Dex: 15    Spells: 8/16 levels left

rFire   + . .        (no weapon)
rCold   . . .        (no shield)
rNeg    . . .        a - +0 robe
rPois   .            i - +0 helmet
rElec   .            A - +0 cloak
rCorr   .            (no gloves)
SInv    .            (no boots)
Will    .....        e - amulet of faith
Stlth   +++          p - ring of Miymemom {Fly AC+4 Str+3}
HPRegen 0.26/turn    w - ring of protection from fire
MPRegen 0.15/turn

%: faith
@: flying
A: no striking features
a: no special abilities


You were on level 5 of the Dungeon.
You visited 1 branch of the dungeon, and saw 5 of its levels.

You collected 280 gold pieces.

Inventory:

Hand Weapons
 x - the +1 hand axe "Doroad" {flame, *Rage +Blink rN+++ Str+5}
   (You took it off an orc on level 3 of the Dungeon)

   Str+5:     It affects your strength (+5).
   rN+++:     It renders you almost immune to negative energy.
   +Blink:    It lets you blink.
   *Rage:     It berserks you when you make melee attacks (+20% chance).
Missiles
 n - 4 atropa-tipped darts
 y - a throwing net
Armour
 a - a +0 robe (worn)
 i - a +0 helmet (worn)
 A - a +0 cloak (worn)
Magical Staves
 h - a staff of cold
Jewellery
 e - an amulet of faith (around neck)
 p - the ring of Miymemom (left hand) {Fly AC+4 Str+3}
   (You found it on level 2 of the Dungeon)

   [ring of protection]

   AC+4:      It affects your AC (+4).
   Str+3:     It affects your strength (+3).
   Fly:       It grants you flight.
 w - a ring of protection from fire (right hand)
Wands
 s - a wand of light (5)
 t - a wand of flame (13)
Scrolls
 f - a scroll of teleportation
 j - 2 scrolls of enchant weapon
 k - a scroll of torment {unknown}
 l - a scroll of fear {unknown}
 o - a scroll of immolation {unknown}
 q - 2 scrolls of fog {unknown}
 r - a scroll of enchant armour {unknown}
 u - a scroll of vulnerability {unknown}
 v - a scroll of silence {unknown}
 z - a scroll of blinking {unknown}
Potions
 b - a potion of magic
 c - 2 potions of curing
 d - 2 potions of resistance {unknown}
 g - a potion of lignification {unknown}
 m - a potion of attraction {unknown}


   Skills:
 + Level 4.6 Dodging
 + Level 4.9 Stealth
 + Level 5.2 Spellcasting
 + Level 3.6 Conjurations
 + Level 4.9 Fire Magic


You had 8 spell levels left.
You knew the following spells:

 Your Spells              Type           Power      Damage    Failure   Level
a - Foxfire               Conj/Fire      96%        2x1d8     1%          1
b - Scorch                Fire           54%        2d7       1%          2
c - Volatile Blastmotes   Fire/Tloc      32%        2d12      11%         3
d - Blink                 Tloc           10%        N/A       16%         2

Your spell library contained the following spells:

 Spells                   Type           Power      Damage    Failure   Level
 Magic Dart               Conj           84%        1d7       2%          1
 Kiss of Death            Conj/Necr      52%        2d9       4%          1
 Inner Flame              Hex/Fire       16%        N/A       11%         3
 Call Imp                 Summ           10%        N/A       16%         2
 Ensorcelled Hibernation  Hex/Ice        10%        N/A       16%         2
 Flame Wave               Conj/Fire      24%        2d8       17%         4
 Confusing Touch          Hex            5%         N/A       30%         3
 Passwall                 Erth           5%         N/A       30%         3
 Swiftness                Air            5%         N/A       30%         3
 Fulminant Prism          Conj/Alch      6%         3d7       43%         4
 Iskenderun's Mystic Bla  Conj/Tloc      13%        2d5       43%         4
 Dispel Undead            Necr           5%         3d7       69%         4
 Vhi's Electric Charge    Tloc/Air       10%        N/A       69%         4
 Arcjolt                  Conj/Air       6%         1d16      78%         5
 Maxwell's Capacitive Co  Air            2%         ∞         100%        8


Dungeon Overview and Level Annotations

Branches:
Dungeon (5/15)
 Temple: D:4-7

Altars:
Xom


Message History

You conjure some foxfire!
The foxfire hits the acid dragon but does no damage.
The acid dragon is moderately wounded.
The foxfire hits the acid dragon.
The acid dragon is moderately wounded.
Your foxfire dissipates!
The foxfire hits the acid dragon but does no damage.
The acid dragon is moderately wounded.
The foxfire hits the acid dragon.
The acid dragon is heavily wounded.
You conjure some foxfire!
Unknown command.
You conjure some foxfire!
The foxfire hits the acid dragon but does no damage.
The acid dragon is heavily wounded.
The foxfire hits the acid dragon!
The acid dragon is severely wounded.
The foxfire hits the acid dragon but does no damage.
The acid dragon is severely wounded.
Unknown command.
Casting: Foxfire (safe; 1% risk of failure)
Confirm with . or Enter, or press ? or * to list all spells.
You can't see any susceptible monsters within range! (Use Z to cast anyway.) Unknown command.
You conjure some foxfire!
The foxfire hits the acid dragon.
The acid dragon is almost dead.
The foxfire hits the acid dragon but does no damage.
The acid dragon is almost dead.
The foxfire hits the acid dragon but does no damage.
The acid dragon is almost dead.
Casting: Foxfire (safe; 1% risk of failure)
Confirm with . or Enter, or press ? or * to list all spells.
You conjure some foxfire!
The foxfire hits the acid dragon.
The acid dragon is almost dead.
The foxfire hits the acid dragon but does no damage.
The acid dragon is almost dead.
The acid dragon spits acid at you. The splash of acid hits you!!
Ouch! That really hurt!
You die...

.. ....#.# .. #. #...(#
..# #.##.###..#.### ..#
#.#.........).# ...
#.#.#.##..#.#.## ...
......##....:..# ##.#
...............##...
...............v#§###
......[........v@§§.##)
................§§§§....
...............#.§§..##.
..................§.D...
.)......................
................[.......
.......................#
...)......<.............
.............#.......!.


You could see an acid dragon (catching breath, ally target).

Vanquished Creatures
  A black bear (D:4)
  A bombardier beetle (D:3)
  The ghost of Biggs the Ruffian, a weakling VSSh (D:3)
  Crazy Yiuf (D:4)
  2 orc priests (D:3)
  A sleepcap (D:5)
  2 orc wizards
  4 gnolls (D:4)
  4 adders
  2 ufetubi (D:4)
  A ribbon worm (D:2)
  8 dart slugs
  18 orcs
  2 ball pythons
  5 endoplasms
  4 giant cockroaches
  9 hobgoblins
  6 jackals
  7 kobolds
  5 quokkas
  8 bats
  2 frilled lizards
  6 goblins
  3 rats
103 creatures vanquished.

Vanquished Creatures (collateral kills)
  2 foxfires (D:2)
2 creatures vanquished.

Vanquished Creatures (others)
  677 foxfires
677 creatures vanquished.

Grand Total: 782 creatures vanquished

Notes
Turn   | Place    | Note
-------+----------+-------------------------------------------
     0 | D:1      | Arctor the Deep Elf Fire Elementalist began the quest for
                  | the Orb.
     0 | D:1      | Reached XP level 1. HP: 10/10 MP: 6/6
   473 | D:1      | Reached XP level 2. HP: 10/15 MP: 0/8
  1381 | D:2      | Learned a level 2 spell: Scorch
  1446 | D:2      | Reached XP level 3. HP: 19/19 MP: 6/9
  1755 | D:2      | Identified the ring of Miymemom {Fly AC+4 Str+3}
  2498 | D:2      | Reached XP level 4. HP: 24/24 MP: 3/11
  2857 | D:2      | Found a faded altar of an unknown god.
  3444 | D:3      | Found a runed translucent gate.
  3450 | D:3      | Learned a level 3 spell: Volatile Blastmotes
  3476 | D:3      | Found a runed translucent gate.
  3477 | D:3      | Found a runed translucent gate.
  3477 | D:3      | Identified the +1 hand axe "Doroad" {flame, *Rage +Blink
                  | rN+++ Str+5}
  3478 | D:3      | Noticed Biggs's ghost (weakling VSSh)
  3497 | D:3      | Reached skill level 4 in Spellcasting
  3685 | D:3      | Reached XP level 5. HP: 13/28 MP: 6/13
  4157 | D:3      | You are sucked into a shaft and drop 2 floors!
  4157 | D:5      | Entered Level 5 of the Dungeon
  4685 | D:4      | Noticed a black bear
  4694 | D:4      | Killed a black bear
  4695 | D:4      | Reached XP level 6. HP: 32/32 MP: 6/15
  4793 | D:3      | Killed Biggs's ghost
  4921 | D:3      | Reached skill level 5 in Spellcasting
  5314 | D:4      | Learned a level 2 spell: Blink
  5974 | D:4      | Found a large runed translucent door.
  5974 | D:4      | Found a large runed translucent door.
  5985 | D:4      | Found a shimmering altar of Xom.
  6012 | D:4      | Found a runed translucent door.
  6020 | D:4      | Noticed Crazy Yiuf
  6332 | D:4      | HP: 1/32 [poisoned by Crazy Yiuf]
  6335 | D:4      | Killed Crazy Yiuf
  6336 | D:4      | Reached XP level 7. HP: 17/36 MP: 0/16
  6528 | D:5      | Killed from afar by an acid dragon

Illustrated notes

Levels and vault maps discovered:
D:1:      shiori_arrival_elements, layout_rooms, skrybe_limestone_x,
          minmay_tetromino_t4
D:2:      layout_loops_ring, dilly_ecumenical_altar_fadedgnrine,
          grunt_decor_fettered, minmay_split_cup_large
D:3:      layout_basic, biasface_ghost_orc_armoury,
          chequers_serial_rivers_micro_b
D:4:      due_chaos_kobolds, layout_rooms, serial_glass, glass_columns_a,
          glass_columns_a, minmay_strange_pillars, feat_on_display,
          due_unseen_surprise, uniq_crazy_yiuf_cottage
D:5:      layout_rooms, mainiacjoe_overflow_large_starburst

Skill      XL: |  1  2  3  4  5  6 |
---------------+-------------------+-----
Stealth        | 3 4 |  4.9
Dodging        | 3 4 |  4.6
Conjurations   | 2 3 |  3.6
Fire Magic     | 4 |  4.9
Spellcasting   | 4 5 |  5.2

Action                     |  1- 3 |  4- 6 |  7- 9 || total
---------------------------+-------+-------+-------++-------
  Melee: Unarmed           |     2 |     1 |       ||     3
   Cast: Foxfire           |   156 |   259 |    13 ||   428
         Scorch            |       |    22 |       ||    22
    Use: Scroll            |       |     2 |       ||     2
         Potion            |       |     2 |       ||     2
 Armour: Robe              |    19 |    25 |     2 ||    46
  Dodge: Dodged            |    27 |    28 |       ||    55
